 Dungeon Crawl Stone Soup version 0.20-a0-446-g9649680 (webtiles) character file.

43 Kriby the Magician (level 3, -1/24 HPs)
             Began as a Mummy Fire Elementalist on Jan 7, 2017.
             Slain by an adder (2 damage)
             ... on level 1 of the Dungeon.
             The game lasted 00:01:30 (1486 turns).

Kriby the Magician (Mummy Fire Elementalist)        Turns: 1486, Time: 00:01:31

Health: -1/24      AC:  2    Str: 11    XL:     3   Next: 37%
Magic:  0/8        EV: 12    Int: 15    God:
Gold:   40         SH:  0    Dex: 12    Spells: 8/9 levels left

rFire  x . .     SeeInvis .     c - +0 short sword
rCold  + . .     Gourm    .     a - +0 robe
rNeg   + + +     Faith    .     (no shield)
rPois  ∞         Spirit   .     (no helmet)
rElec  .         Reflect  .     (no cloak)
rCorr  .         Harm     .     (no gloves)
MR     .....                    (no boots)
Stlth  ++........               (no amulet)
                                (no ring)
                                (no ring)

@: very slightly contaminated
A: no food or potions, fire vulnerability, cold resistance 1, negative energy
resistance 3, torment resistance, unbreathing
a: no special abilities


You were on level 1 of the Dungeon.
You were not hungry.

You visited 1 branch of the dungeon, and saw 2 of its levels.

You collected 40 gold pieces.

Inventory:

Hand Weapons
 c - a +0 short sword (weapon)
Armour
 a - a +0 robe (worn)
Scrolls
 d - 2 scrolls of remove curse {unknown}
 e - a scroll of noise {unknown}
 f - a scroll of amnesia {unknown}
 g - a scroll of blinking {unknown}
 h - a scroll of identify {unknown}
Books
 b - a book of Flames

   Spells                             Type                      Level
   a - Flame Tongue                   Conjuration/Fire             1
   b - Throw Flame                    Conjuration/Fire             2
   c - Conjure Flame                  Conjuration/Fire             3
   d - Inner Flame                    Hexes/Fire                   3
   e - Sticky Flame                   Conjuration/Fire             4
   f - Fireball                       Conjuration/Fire             5


   Skills:
 - Level 1.5 Dodging
 - Level 1.5 Stealth
 * Level 3.5 Spellcasting
 * Level 1.8 Conjurations
 + Level 2.7 Fire Magic


You had 8 spell levels left.
You knew the following spells:

 Your Spells              Type           Power        Failure   Level  Hunger
a - Flame Tongue          Conj/Fire      #....        10%         1    N/A

Dungeon Overview and Level Annotations

Branches:
Dungeon (2/15)

Altars:


Innate Abilities, Weirdness & Mutations

You do not eat or drink.
Your flesh is vulnerable to fire.
You are immune to poison.
Your flesh is cold resistant. (rC+)
You are immune to negative energy. (rN+++)
You are immune to unholy pain and torment.
You can survive without breathing.


Message History

Press: ? - help, Shift-Dir - straight line, f/p - adder
Aim: an adder (almost dead)
You miscast Flame Tongue.
You are very lightly contaminated with residual magic.
The air around you crackles with energy!
The adder barely misses you. The adder bites you.
The leopard gecko barely misses you. The adder bites you.
* * * LOW HITPOINT WARNING * * *
You barely miss the adder.
The adder is almost dead.
The adder bites you but does no damage. The leopard gecko bites you.
* * * LOW HITPOINT WARNING * * *
The adder bites you.
* * * LOW HITPOINT WARNING * * *
You barely miss the adder.
The adder is almost dead.
The adder bites you.
* * * LOW HITPOINT WARNING * * *
The leopard gecko barely misses you. The adder bites you.
You die...

#.###.#≈≈≈≈≈≈≈≈≈≈≈.≈≈≈≈≈≈≈≈≈≈≈#.#
#.#...############(############.#
#.)..........>......(...........#
###)##########.#....###.#########
#.# #.........#.# #.#
#....##.#.#.######### ###.#
#.#..##)#.#.......^.. ..#)#
##.#Sl##.#(########### #.#)#
#...S@##.#....# #.#.#
########.####.# #.#.#########
#......# ............# ########
.÷#.#######.# ....#
#.############### .####
#...............# ..#
#################.# #.#
#.........#######.#


You could see 2 adders and a leopard gecko.

Vanquished Creatures
  A dart slug (D:1)
  A leopard gecko (D:1)
  5 giant cockroaches (D:1)
  5 goblins (D:1)
  7 hobgoblins (D:1)
  3 kobolds (D:1)
  6 bats
  2 frilled lizards (D:1)
  6 rats (D:1)
36 creatures vanquished.

Notes
Turn   | Place    | Note
-------+----------+-------------------------------------------
     0 | D:1      | Kriby the Mummy Fire Elementalist began the quest for the Orb.
     0 | D:1      | Reached XP level 1. HP: 13/13 MP: 4/4
    33 | D:1      | Reached skill level 1 in Conjurations
   185 | D:1      | Reached skill level 3 in Spellcasting
   239 | D:1      | Reached XP level 2. HP: 17/19 MP: 1/6
  1008 | D:1      | Reached XP level 3. HP: 24/24 MP: 2/7
  1486 | D:1      | HP: 1/24 [adder (4)]
  1486 | D:1      | Slain by an adder

Vault maps used:
D:1:      lightli_arrival_farm, minmay_pentomino_u4

Skill      XL: |  1 |
---------------+----+-----
Conjurations   | 1 |  1.8
Spellcasting   | 3 |  3.5
Dodging        | |  1.5
Stealth        | |  1.5
Fire Magic     | |  2.7

Action                   || total
-------------------------++-------
Melee: Short sword       ||    42
 Cast: Flame Tongue      ||    60
Armor: Robe              ||    24
Dodge: Dodged            ||    74
